[Event "1st Serbian League 2022"]
[Site "Vrnjacka Banja"]
[Date "2022.09.20"]
[Round "1.33"]
[White "Jocev, Milan"]
[Black "Atalik, Suat"]
[Result "1-0"]
[ECO "E11"]
[WhiteElo "2283"]
[BlackElo "2436"]
[Annotator "ChessBase"]
[PlyCount "97"]
[EventDate "2022.09.20"]
[EventType "team-tourn"]
[EventCountry "SRB"]
[SourceTitle "playchess.com"]
[Source "ChessBase"]
[SourceQuality "1"]
[TimeControl "40/5400+30:1800+30"]

1. d4 Nf6 2. c4 e6 3. g3 Bb4+ 4. Bd2 a5 5. Bg2 d5 6. Nf3 O-O 7. O-O Be7 8. Qc2 c6 9. b3 b5 10. c5 Nbd7 11. Nc3 b4 12. Na4 Ba6 13. Rfe1 Ne4 14. Ne5 Nxe5 15. Bxe4 f5 16. Bg2 Nd7 17. a3 Bf6 18. e3 e5 19. Qxf5 exd4 20. e4 Ne5 21. exd5 Bc8 22. Qe4 Bb7 23. d6 bxa3 24. Nb6 Ra6 25. f4 Nf7 26. Nc4 Bc8 27. h3 Bd7 28. Qd3 Qc8 29. g4 h5 30. g5 Bd8 31. h4 Ra7 32. Qxd4 Bh3 33. Bc3 Nh6 34. d7 Qxd7 35. Qxd7 Bxd7 36. gxh6 gxh6 37. Ne5 Be7 38. Nxd7 Rxd7 39. Rxe7 Rxe7 40. Be5 Rc8 41. Rxa3 Rb7 42. Bf1 Ra8 43. Bc4+ Kh7 44. Kf2 Kg6 45. Bd3+ Kf7 46. f5 Rb4 47. Bc4+ Ke7 48. f6+ Kd7 49. Ra4 1-0

[Event "1st Serbian League 2022"]
[Site "Vrnjacka Banja"]
[Date "2022.09.20"]
[Round "1.34"]
[White "Milosevic, Milos"]
[Black "Stankovic, Boris"]
[Result "1-0"]
[ECO "E71"]
[WhiteElo "2379"]
[BlackElo "2208"]
[Annotator "ChessBase"]
[PlyCount "59"]
[EventDate "2022.09.20"]
[EventType "team-tourn"]
[EventCountry "SRB"]
[SourceTitle "playchess.com"]
[Source "ChessBase"]
[SourceQuality "1"]
[TimeControl "40/5400+30:1800+30"]

1. d4 Nf6 2. c4 g6 3. Nc3 Bg7 4. e4 d6 5. h3 O-O 6. Be3 Na6 7. g4 c5 8. Nge2 cxd4 9. Bxd4 Qa5 10. Ng3 Be6 11. Qd2 Rfc8 12. g5 Nd7 13. Bxg7 Kxg7 14. b3 Nac5 15. Rb1 Ne5 16. Be2 Qb6 17. Kf1 Nc6 18. Kg2 Nd7 19. Rbd1 Rf8 20. Nd5 Bxd5 21. exd5 Nb4 22. h4 e5 23. dxe6 fxe6 24. f4 d5 25. h5 e5 26. hxg6 hxg6 27. Rh6 Nc5 28. f5 Ne4 29. Nxe4 Rxf5 30. Bh5 1-0

[Event "1st Serbian League 2022"]
[Site "Vrnjacka Banja"]
[Date "2022.09.20"]
[Round "1.35"]
[White "Radojicic, Aleksandar M"]
[Black "Markovic, Miroslav"]
[Result "1/2-1/2"]
[ECO "D02"]
[WhiteElo "2192"]
[BlackElo "2275"]
[Annotator "TA"]
[PlyCount "49"]
[EventDate "2022.09.20"]
[EventType "team-tourn"]
[EventCountry "SRB"]
[SourceTitle "playchess.com"]
[Source "ChessBase"]
[SourceQuality "1"]
[TimeControl "40/5400+30:1800+30"]

1. d4 Nf6 2. Nc3 d5 3. Bf4 Bf5 4. e3 e6 5. Nf3 Bd6 6. Ne5 {[%emt 0:05:36] D02: 1 d4 d5 2 Nf3 sidelines, including 2...Nf6 3 g3 and 2...Nf6 3 Bf4.} h6 7. g4 Bh7 8. h4 Nfd7 {[%emt 0:00:37] [#]} 9. Bd3 $146 ({Predecessor:} 9. g5 Bf5 10. gxh6 gxh6 11. Bd3 Bxd3 12. cxd3 Nxe5 13. dxe5 Bf8 14. Qb3 b6 15. d4 {1-0 (49) Boros,D (2430)-Brankovic,D (2300) Chess.com INT 2022}) 9... Bxd3 10. Qxd3 Bxe5 11. Bxe5 Nxe5 12. dxe5 Nc6 13. f4 d4 14. exd4 Qxd4 15. Qxd4 Nxd4 16. O-O-O O-O-O 17. h5 Rd7 18. Rhf1 Rhd8 {[%emt 0:13:03] The position is equal.} 19. Rde1 b5 20. Ne4 Rd5 21. c3 Nc6 22. Rd1 Ne7 23. Rxd5 Rxd5 24. Kc2 Kb7 25. Rf3 {[%emt 0:02:03] An interesting draw.  Weighted Error Value: White=0.03 (flawless) /Black=0.04 (flawless)} 1/2-1/2

[Event "1st Serbian League 2022"]
[Site "Vrnjacka Banja"]
[Date "2022.09.21"]
[Round "2.1"]
[White "Tadic, Stefan"]
[Black "Puranik, Abhimanyu"]
[Result "0-1"]
[ECO "A37"]
[WhiteElo "2318"]
[BlackElo "2603"]
[Annotator "TA"]
[PlyCount "68"]
[EventDate "2022.09.20"]
[EventType "team-tourn"]
[EventCountry "SRB"]
[SourceTitle "playchess.com"]
[Source "ChessBase"]
[SourceQuality "1"]
[TimeControl "40/5400+30:1800+30"]

1. Nf3 c5 2. c4 Nc6 3. Nc3 g6 4. g3 Bg7 5. Bg2 d6 6. O-O Bf5 {[%emt 0:03:08] 6...e6 is a critical line.} 7. d3 {[%emt 0:08:02] A37: Symmetrical English vs ...g6: 4 Bg2 Bg7 5 Nf3.} Qd7 8. Nd5 Nf6 9. Bd2 {[%emt 0:10:20] The position is equal.} O-O 10. Bc3 Nxd5 {[%emt 0:15:16] [#]} 11. Bxg7 $146 ({Predecessor:} 11. cxd5 Nd4 12. Nh4 Bg4 13. f3 Bh3 14. Bxh3 Qxh3 15. e3 Nf5 16. Nxf5 Qxf5 17. e4 {1-0 (59) Grischuk,A (2766)-Anand,V (2759) Paris 2018}) 11... Ne3 12. fxe3 Kxg7 13. Rf2 f6 14. Nd2 Rab8 15. Nb1 b5 16. cxb5 Rxb5 17. b3 Bh3 18. Bh1 (18. Nc3 $11 Rbb8 19. Bxc6 Qxc6 20. Qd2) 18... Rbb8 $17 19. Nc3 Ne5 20. Qd2 Rfc8 21. Nd5 g5 22. e4 h5 23. Bg2 {[%emt 0:02:44] Hoping for Bxh3.} Bxg2 24. Rxg2 Rh8 25. Ne3 Kf7 26. Nf5 (26. Rf1 $11 {keeps the balance.}) 26... d5 $36 {[%emt 0:02:56][%cal Bd6d5,Bd5e4,Be4d3][%mdl 2080] White is under strong pressure.} 27. Rf1 dxe4 28. h4 (28. Qc1 {was necessary.}) 28... g4 ({Weaker is} 28... exd3 29. hxg5 e6 30. Nh4 $11 (30. Nh6+ Kg7 $11)) 29. Rgf2 exd3 {[%emt 0:00:40] Active counter play!} 30. Nxe7 $2 {[%emt 0:00:34] [#]} (30. Re1) 30... Qxe7 $19 {[%emt 0:03:31] Black is clearly winning.} 31. Rxf6+ Qxf6 32. Rxf6+ Kxf6 33. Qf4+ Ke6 34. exd3 Rhf8 {[%emt 0:02:23] Weighted Error Value: White=0.93/Black=0.08 (flawless)} 0-1

[Event "1st Serbian League 2022"]
[Site "Vrnjacka Banja"]
[Date "2022.09.21"]
[Round "2.2"]
[White "Gagunashvili, Merab"]
[Black "Ivanovic, Marko"]
[Result "1/2-1/2"]
[ECO "E32"]
[WhiteElo "2552"]
[BlackElo "2265"]
[Annotator "TA"]
[PlyCount "74"]
[EventDate "2022.09.20"]
[EventType "team-tourn"]
[EventCountry "SRB"]
[SourceTitle "playchess.com"]
[Source "ChessBase"]
[SourceQuality "1"]
[TimeControl "40/5400+30:1800+30"]

1. d4 Nf6 2. c4 e6 3. Nc3 Bb4 4. Qc2 O-O 5. a3 Bxc3+ 6. Qxc3 b6 7. Nf3 Bb7 8. e3 d6 9. b4 Nbd7 10. Bb2 Ne4 11. Qc2 f5 12. Be2 Ng5 {[%emt 0:20:33] E32: Nimzo-Indian: Classical (4 Qc2): 4...0-0.} 13. Nxg5 ({White should try} 13. h4 $11 Ne4 14. Bd3) 13... Qxg5 $15 14. Bf3 Bxf3 {[%emt 0:01:41] Black is slightly better.} 15. gxf3 {[%emt 0:00:02] [#]} c6 $146 ({Predecessor:} 15... f4 16. e4 Qg2 17. Ke2 Qh3 18. Rag1 Rf7 19. Qa4 Nf8 20. Qc6 Rd8 21. Qb5 d5 {0-1 (30) Dolgov,A-Proshkin,A RCCA email 2003}) 16. f4 Qh5 (16... Qg2 {keeps more tension.} 17. Ke2 Qg4+ 18. Kf1 Qh3+) 17. Qe2 Qf7 18. O-O d5 19. Rfc1 Nf6 20. a4 Ne4 21. c5 Rac8 (21... Qg6+ $11 22. Kh1 Rfb8) 22. Rc2 $16 h6 (22... Qb7 $14) 23. Rac1 Qb7 24. b5 cxb5 25. axb5 Kh7 26. f3 Nf6 27. Ba3 {[%emt 0:00:00] And now c6 would win.} Rg8 28. cxb6 (28. Kh1 $16) 28... Rxc2 $1 $11 {[%emt 0:00:14] The position is equal.} 29. Rxc2 {[%emt 0:00:00] Hoping for bxa7.} axb6 30. Bd6 Rc8 31. Be5 Qd7 32. Bxf6 gxf6 33. Rxc8 Qxc8 {[%emt 0:00:05] KQ-KQ} 34. Qa2 Kg6 35. Qa3 Qc2 36. Qf8 Qd1+ 37. Kg2 Qe2+ {[%emt 0:00:02] Weighted Error Value: White=0.15 (very precise) /Black=0.14 (very precise)} 1/2-1/2

[Event "1st Serbian League 2022"]
[Site "Vrnjacka Banja"]
[Date "2022.09.21"]
[Round "2.3"]
[White "Sarenac, Ivan"]
[Black "Pap, Misa"]
[Result "1-0"]
[ECO "D00"]
[WhiteElo "2402"]
[BlackElo "2381"]
[Annotator "TA"]
[PlyCount "105"]
[EventDate "2022.09.20"]
[EventType "team-tourn"]
[EventCountry "SRB"]
[SourceTitle "playchess.com"]
[Source "ChessBase"]
[SourceQuality "1"]
[TimeControl "40/5400+30:1800+30"]

1. d4 Nf6 2. Nc3 d5 3. Bf4 e6 4. e3 a6 5. g4 c5 6. g5 {[%emt 0:01:34] D00: 1 d4 d5: Unusual lines.} Ng8 7. h4 Nc6 8. Nf3 {[%emt 0:00:32] White has an edge.} Bd6 {[%emt 0:05:46] [#]} 9. Bxd6 $146 ({Predecessor:} 9. Ne5 Nge7 10. h5 Bxe5 11. dxe5 Qc7 12. Qf3 Nxe5 13. Qg3 N7c6 14. Bg2 f6 15. h6 fxg5 16. Qxg5 gxh6 {1-0 (32) Damjanovic,V (2393)-Tristan,L (2535) Chess.com INT 2021}) 9... Qxd6 10. dxc5 Qxc5 11. Qd2 Nge7 12. O-O-O b5 13. Kb1 b4 14. Na4 Qa5 15. b3 e5 16. h5 Bf5 17. Nh4 Bg4 18. Be2 Bxe2 19. Qxe2 Na7 $2 {[%emt 0:00:04] Black is on the road to losing.} (19... O-O $14) 20. g6 (20. Qg4 $18) 20... f5 $2 (20... fxg6 $16 {is tougher.} 21. hxg6 h6) 21. h6 $18 hxg6 22. hxg7 Rg8 {[%emt 0:00:02] [#]} 23. Nxg6 $1 Nxg6 24. Qh5 Rxg7 25. Rhg1 O-O-O {[%emt 0:02:32] Hoping for ...Rd6.} 26. Rxg6 (26. Qxf5+ $6 Kb8 $16) 26... Rxg6 27. Qxg6 {[%emt 0:00:00] Strongly threatening Rh1.} Kb8 28. Qxf5 (28. Rh1 $142 {Threatens to win with Rh7.} Qc7 29. Rh7 (29. Qxa6 Rc8 $18) (29. Qxf5 Nb5 $16)) 28... Qc7 29. Rh1 {[%emt 0:00:00] Rh7 is the strong threat.} Nb5 30. Rh7 $36 {[%emt 0:00:00][%mdl 2048] White has strong initiative.} Qd6 (30... Nc3+ $142 31. Nxc3 Qxc3) 31. Qf7 Nc7 32. Qg7 {[%emt 0:03:04] aiming for Rh6.} Re8 33. Rh6 Re6 34. Qg8+ ({Resist} 34. Rh7 Re8 35. Nb2 a5) 34... Ka7 $2 (34... Re8 {keeps fighting.} 35. Qxe8+ (35. Rxd6 Rxg8 36. Rb6+ Kc8 $18) 35... Nxe8 36. Rxd6 Nxd6) 35. Rh7 Kb7 {[%emt 0:02:13] [#]} (35... Rh6 $142 36. Rxh6 Qxh6) 36. Qxe6 $3 Qxe6 37. Nc5+ Kb8 38. Nxe6 Nxe6 {[%emt 0:00:02][%mdl 4096] Endgame KR-KN} 39. Re7 Nc5 40. Rxe5 Ne4 {[%emt 0:00:04] [#]} 41. Rxe4 $1 {[%emt 0:30:52] White mates.} dxe4 {[%emt 0:30:04] KP-KP} 42. c3 a5 43. cxb4 axb4 44. a3 Kc7 45. axb4 Kc6 46. Kc2 Kb5 47. Kc3 Kb6 48. Kd4 Kb5 49. Kxe4 Kxb4 50. f4 Kxb3 51. f5 Kc4 52. f6 Kc5 53. f7 {[%emt 0:00:05] Weighted Error Value: White=0.22 (precise) /Black=0.58} 1-0

[Event "1st Serbian League 2022"]
[Site "Vrnjacka Banja"]
[Date "2022.09.21"]
[Round "2.4"]
[White "Savic, Miodrag R"]
[Black "Arsovic, Zoran"]
[Result "1/2-1/2"]
[ECO "B22"]
[WhiteElo "2406"]
[BlackElo "2362"]
[Annotator "TA"]
[PlyCount "113"]
[EventDate "2022.09.20"]
[EventType "team-tourn"]
[EventCountry "SRB"]
[SourceTitle "playchess.com"]
[Source "ChessBase"]
[SourceQuality "1"]
[TimeControl "40/5400+30:1800+30"]

1. e4 c5 2. c3 d5 3. exd5 Qxd5 4. Nf3 Nf6 5. Na3 e6 6. Be2 Nc6 7. O-O Be7 8. d4 O-O 9. Nb5 Qd8 10. dxc5 Bxc5 11. Bf4 a6 {[%emt 0:00:51] was the old line (11...Nd5). B22: Sicilian: 2 c3.} (11... Nd5 12. Bg3 a6 13. Nbd4 Nxd4 14. Nxd4 Bd6 15. Bf3 Bxg3 16. hxg3 Nf6 17. Nb3 Qc7 18. Qd4 Bd7 19. Rfd1 Bc6 20. Qd6 Rfc8 21. Qxc7 Rxc7 {½-½ (73) Savic,M (2533)-Arsovic,Z (2457) Vrsac 2007}) 12. Nbd4 Nxd4 13. Nxd4 Bxd4 14. cxd4 {[%emt 0:00:12] [#]} Bd7 $146 ({Predecessor:} 14... Nd5 15. Be5 Bd7 16. Qb3 Qb6 17. Qxb6 Nxb6 18. Bf3 Nd5 {½-½ (18) Yartsev,V (2202)-Dolin,B (2367) ICCF email 2010}) 15. Bf3 Bb5 16. Re1 ({But not} 16. Bxb7 Ra7 17. Bf3 Bxf1 18. Qxf1 Nd5 $17) 16... Nd5 17. Be5 Bc6 (17... Rc8 {with more complications.} 18. Qd2 h6 19. Be4 Qd7) 18. Qb3 (18. Be4 {keeps more tension.} Rc8 19. Qd2 Ne7 20. Bc2) 18... Qd7 19. Rac1 (19. Be4 {with more complications.} Ne7 20. Qg3 f6 21. Bd6) 19... Ne7 20. Rc3 Rac8 21. h4 Bd5 22. Bxd5 Nxd5 23. Rxc8 Rxc8 24. h5 f6 25. Bg3 h6 26. Qf3 Rc6 27. Bf4 Rc2 28. Qb3 Rc6 (28... Qc6 $17 29. Bd6 Rd2 30. Rxe6 Rxd4) 29. Bd2 (29. Qf3 $1 $11) 29... Qf7 30. Qg3 (30. Ba5 $142) 30... Kh7 (30... Qxh5 $17 {Hoping for ...Rc2.} 31. Qb8+ Kh7 32. Qxb7 Rb6) 31. Qf3 Kh8 (31... Rd6 {is interesting.} 32. g4 Qd7 33. Bc3 Kg8) 32. Bf4 b5 (32... Rc4 $17 33. Qd3 Rc6) 33. Rc1 $15 Rxc1+ 34. Bxc1 {[%emt 0:00:02][%mdl 4096] Endgame KQB-KQN} Qc7 (34... Kh7 {looks sharper.} 35. g4 f5 36. Kg2 Qc7) 35. Qd1 (35. Bd2 $11 {remains equal.}) 35... Kg8 $17 36. g3 Kf7 37. a3 Qc4 38. Be3 a5 39. Qb1 f5 40. Qd1 $1 Kf8 41. Bf4 {[%emt 0:31:09] The position is equal.} Nxf4 42. gxf4 $11 {[%emt 0:00:00] KQ-KQ} Kf7 43. Kh2 b4 44. axb4 axb4 45. b3 Qc7 46. Kg3 Qc3+ 47. f3 Qc6 48. Qa1 Qd7 49. Kf2 g6 50. hxg6+ Kxg6 51. Kg3 Kf7 52. Kg2 Kg6 53. Qa6 Qd5 54. Qc8 Kg7 55. Qc7+ Kg6 56. Qc8 Kg7 57. Qc7+ {[%emt 0:00:00] Weighted Error Value: White=0.12 (very precise) /Black=0.12 (very precise)} 1/2-1/2

[Event "1st Serbian League 2022"]
[Site "Vrnjacka Banja"]
[Date "2022.09.21"]
[Round "2.5"]
[White "Radusinovic, Lazar"]
[Black "Radovanovic, Mihajlo"]
[Result "0-1"]
[ECO "D02"]
[WhiteElo "2308"]
[BlackElo "2438"]
[Annotator "TA"]
[PlyCount "28"]
[EventDate "2022.09.20"]
[EventType "team-tourn"]
[EventCountry "SRB"]
[SourceTitle "playchess.com"]
[Source "ChessBase"]
[SourceQuality "1"]
[TimeControl "40/5400+30:1800+30"]

1. d4 Nf6 2. Nf3 d5 3. g3 c5 4. Bg2 cxd4 5. O-O h6 6. Nxd4 {[%emt 0:03:18][%cal Oc2c4] D02: 1 d4 d5 2 Nf3 sidelines, including 2...Nf6 3 g3 and 2...Nf6 3 Bf4.} e5 7. Nf3 Nc6 8. c4 {[%emt 0:00:06] The position is equal.} Be6 9. Qa4 {[%emt 0:21:28] [#]} Qd7 $146 ({Don't play} 9... dxc4 10. Nxe5 Rc8 11. Nxc6 bxc6 12. Be3 $16 (12. Bxc6+ Bd7 $16) (12. Qxa7 Bd5 $16)) ({Predecessor:} 9... Bd7 10. cxd5 Nxd5 11. Nxe5 Nxe5 12. Qe4 Qf6 13. Qxd5 Bc6 14. Qb3 Bxg2 15. Kxg2 Bc5 16. Qxb7 {1-0 (75) Partzsch,L (2167)-Pollmueller,M (2076) Dortmund 2016}) 10. cxd5 Nxd5 ({Don't take} 10... Bxd5 11. Nc3 $16) 11. Rd1 (11. Nc3 $11 Rd8 12. Nxd5 Qxd5 13. Nd2) 11... Nb6 $1 $15 12. Rxd7 Nxa4 13. Rxb7 (13. Rd1 $17) 13... O-O-O $19 {[%emt 0:00:09] [#] Threatens to win with ...Rd1+.} 14. Nc3 {[%emt 0:05:50] Inhibits Rd1+.} (14. Nbd2 $142 Kxb7 15. Nxe5) 14... Nxc3 {[%emt 0:01:01] Weighted Error Value: White=1.08/Black=0.08 (flawless)} 0-1

[Event "1st Serbian League 2022"]
[Site "Vrnjacka Banja"]
[Date "2022.09.21"]
[Round "2.6"]
[White "Lukovic, Vladimir"]
[Black "Todorovic, Goran N"]
[Result "1-0"]
[ECO "C66"]
[WhiteElo "2419"]
[BlackElo "2305"]
[Annotator "TA"]
[PlyCount "87"]
[EventDate "2022.09.20"]
[EventType "team-tourn"]
[EventCountry "SRB"]
[SourceTitle "playchess.com"]
[Source "ChessBase"]
[SourceQuality "1"]
[TimeControl "40/5400+30:1800+30"]

1. e4 e5 2. Nf3 Nc6 3. Bb5 Nf6 4. d3 d6 5. O-O Bd7 6. Re1 Be7 7. c3 O-O 8. Nbd2 h6 {[%emt 0:00:43] C66: Ruy Lopez: Steinitz Defence.} 9. Nf1 Re8 10. Ng3 Bf8 {[%emt 0:00:18] White has an edge.} 11. h3 a6 12. Ba4 Ne7 13. Bc2 Ng6 14. d4 c6 {[%emt 0:00:11] [#]} 15. Be3 $146 ({Predecessor:} 15. a4 b5 16. Be3 Qc7 17. Qd2 Be6 18. b4 Bc4 19. Bd3 Bxd3 20. Qxd3 d5 21. dxe5 Nxe5 22. Nxe5 dxe4 23. Nxe4 Nxe4 {½-½ (38) Bontems,C (2130)-Andersen,J (2201) ICCF email 2017}) 15... Qc7 16. Qd2 Rad8 17. Rad1 Bc8 18. Qc1 b5 19. a4 c5 20. d5 c4 21. Qd2 Nd7 22. Nf5 Nc5 23. axb5 axb5 24. g4 Ne7 25. Kh2 Kh7 26. Rg1 {[%emt 0:02:53] White has more active pieces. The black rooks are badly placed. White stays focused until the end.} Ng8 {[%emt 0:04:28] [#]} (26... Nxf5 $14 27. exf5 (27. gxf5 Bb7 $11) 27... f6) 27. g5 $1 $18 g6 28. Nxh6 ({Not} 28. Bxc5 dxc5 29. N5h4 (29. d6 $2 Qd7 $19) 29... h5 $11) 28... Bxh6 (28... Nxh6 $142 29. gxh6 Qa7) 29. gxh6 {[%emt 0:00:06] Strongly threatening Ng5+.} Nf6 (29... Kh8 {was worth a try.} 30. Ng5 f6) 30. Ng5+ Kg8 {[%emt 0:00:29] White is clearly winning.} 31. f4 {[%emt 0:01:32] Threatens to win with Rdf1.} exf4 32. Bd4 Re5 33. Qxf4 Qe7 34. Bxc5 Nh5 {[%emt 0:04:09] [#]} 35. Qxf7+ $1 Qxf7 36. Nxf7 Kxf7 37. Rdf1+ Nf6 38. Bd4 Rh8 39. Bxe5 dxe5 40. Bd1 Rxh6 41. Bg4 Bxg4 42. Rxg4 Kg7 43. Rg5 Rh8 44. Rfg1 {[%emt 0:00:36] Weighted Error Value: White=0.07 (flawless) /Black=0.30} 1-0

[Event "1st Serbian League 2022"]
[Site "Vrnjacka Banja"]
[Date "2022.09.21"]
[Round "2.7"]
[White "Predojevic, Borki"]
[Black "Risteski, Emil"]
[Result "1/2-1/2"]
[ECO "E17"]
[WhiteElo "2584"]
[BlackElo "2364"]
[Annotator "TA"]
[PlyCount "49"]
[EventDate "2022.09.20"]
[EventType "team-tourn"]
[EventCountry "SRB"]
[SourceTitle "playchess.com"]
[Source "ChessBase"]
[SourceQuality "1"]
[TimeControl "40/5400+30:1800+30"]

1. d4 Nf6 2. c4 e6 3. Nf3 b6 4. g3 Bb7 5. Bg2 Be7 6. Nc3 Ne4 7. Bd2 Nxd2 8. Qxd2 {[%emt 0:01:49] E17: Queen's Indian: 4 g3 Bb7 5 Bg2 Be7.} d6 {[%emt 0:00:05] [#]} 9. Rd1 $146 ({Predecessor:} 9. O-O O-O 10. e4 Nd7 11. Rfe1 c6 12. Rad1 Re8 13. h4 a6 14. e5 d5 15. cxd5 cxd5 16. Ne2 a5 17. Nc3 Ba6 {1-0 (34) Dubov,D (2699)-Sanal,V (2581) Chess.com INT 2020}) 9... Nd7 10. Qc2 {[%emt 0:05:13] The position is equal.} c5 11. O-O cxd4 12. Rxd4 (12. Nxd4 $5 Bxg2 13. Kxg2 $14) 12... a6 13. Nd2 (13. Ne4 $14) 13... Bxg2 $11 14. Kxg2 Qc7 15. Nde4 Nc5 ({Much less strong is} 15... f5 {[#]} 16. Nxd6+ $1 Bxd6 17. Rfd1 $16) (15... O-O $15 {feels stronger.}) 16. Nxc5 bxc5 17. Rd3 O-O 18. Rfd1 Rfd8 19. Qd2 Qc6+ 20. Kg1 Rd7 21. e4 Rb7 22. b3 Rbb8 23. Qe3 Re8 24. Na4 Rac8 25. Nc3 {[%emt 0:02:05] Weighted Error Value: White=0.13 (very precise) /Black=0.08 (flawless)} 1/2-1/2

[Event "1st Serbian League 2022"]
[Site "Vrnjacka Banja"]
[Date "2022.09.21"]
[Round "2.8"]
[White "Djokic, Mihailo"]
[Black "Bogosavljevic, Boban"]
[Result "1-0"]
[ECO "B77"]
[WhiteElo "2197"]
[BlackElo "2533"]
[Annotator "TA"]
[PlyCount "103"]
[EventDate "2022.09.20"]
[EventType "team-tourn"]
[EventCountry "SRB"]
[SourceTitle "playchess.com"]
[Source "ChessBase"]
[SourceQuality "1"]
[TimeControl "40/5400+30:1800+30"]

1. e4 c5 2. Nf3 Nc6 3. d4 cxd4 4. Nxd4 g6 5. Nc3 Bg7 6. Be3 Nf6 7. Bc4 O-O 8. Bb3 d6 9. f3 Qa5 10. Qd2 Nxd4 {[%emt 0:00:10] is cutting edge theory.} 11. Bxd4 Be6 12. Bxf6 {[%emt 0:05:53] B77: Sicilian Dragon: Yugoslav Attack, 9 Bc4 sidelines.} (12. a3 $11) 12... Bxf6 $15 13. Nd5 Qxd2+ $1 14. Kxd2 {[%emt 0:00:17] Black is slightly better.} Bxd5 15. Bxd5 e6 {[%emt 0:03:52] [#]} 16. Bc4 $146 ({Predecessor:} 16. Bxb7 Rab8 17. Ba6 Rxb2 18. Rhb1 Rfb8 19. Rxb2 Rxb2 20. Bd3 Rb6 21. Rf1 Rb4 22. f4 Ra4 23. Rb1 Rxa2 24. Rb8+ Kg7 25. Rb7 Kf8 26. Rb8+ {½-½ (26) Bolacky,J (2267)-Vesselovsky,S (2400) Orlova 2005}) 16... Rfc8 17. Kd3 b5 18. Bxb5 Bxb2 19. Rab1 Be5 20. c4 Rc5 21. g3 Rac8 22. Rhc1 g5 23. Rc2 Kg7 24. Rb3 h5 25. Ke3 h4 (25... d5 $5 ) 26. f4 Bf6 27. Rd2 Be7 28. Kf3 hxg3 29. hxg3 Rh8 30. Ra3 Rc7 31. fxg5 Rh5 32. Ra6 Rxg5 33. Rd3 Rgc5 34. Rda3 d5 35. Rxa7 d4 36. Rxc7 Rxc7 $14 {[%emt 0:00:04][%mdl 4096] Endgame KRB-KRB} 37. Ra8 Bg5 (37... Kf6 $11) 38. Ke2 $16 Bf6 {[%emt 0:00:30] [#]} ({Black should try} 38... Be7) 39. a4 $1 Rc5 (39... Be7 $16 {was called for.}) 40. a5 $18 {[%emt 0:02:39] Black must now prevent a6.} Rg5 41. a6 Rxg3 $2 {[%emt 0:06:20] [#]} (41... d3+ {might work better.} 42. Kxd3 Rxg3+ 43. Kd2 Bd4) 42. c5 $1 Rb3 {[%emt 0:06:41] [#]} (42... Re3+ $142 43. Kd1 Ra3) 43. c6 $1 {[%emt 0:00:00] And now c7 would win.} Be5 {[%emt 0:09:29] [#]} (43... Rb2+ 44. Kd3) 44. Rd8 $1 {[%emt 0:00:00] Strongly threatening a7.} Re3+ (44... Rb2+ 45. Kd3) 45. Kd1 Ra3 46. Rd7 Ra5 47. Rb7 Kf6 48. a7 Bd6 49. c7 Bxc7 50. Rxc7 Ke5 51. Rxf7 Kd6 52. Bc4 {[%emt 0:00:00] Weighted Error Value: White=0.10 (very precise) /Black=0.45} 1-0

[Event "1st Serbian League 2022"]
[Site "Vrnjacka Banja"]
[Date "2022.09.21"]
[Round "2.9"]
[White "Vuckovic, Bojan"]
[Black "Jocev, Milan"]
[Result "1/2-1/2"]
[ECO "C88"]
[WhiteElo "2559"]
[BlackElo "2283"]
[Annotator "TA"]
[PlyCount "120"]
[EventDate "2022.09.20"]
[EventType "team-tourn"]
[EventCountry "SRB"]
[SourceTitle "playchess.com"]
[Source "ChessBase"]
[SourceQuality "1"]
[TimeControl "40/5400+30:1800+30"]

1. e4 e5 2. Nf3 Nc6 3. Bb5 a6 4. Ba4 Nf6 5. O-O b5 6. Bb3 Be7 7. Re1 O-O 8. a4 Rb8 9. d3 d6 10. c3 Na5 {[%emt 0:03:22] C88: Closed Ruy Lopez: Anti-Marshall Systems.} 11. Bc2 c5 12. Nbd2 Re8 13. Nf1 Bf8 14. axb5 axb5 15. Bg5 {[%emt 0:00:15] aiming for Bxf6.} Nc6 16. Ne3 h6 17. Bh4 Be7 18. Bb3 Be6 19. Bxf6 Bxf6 20. Bd5 Qc8 21. Qb3 Ne7 22. Bxe6 {[%emt 0:04:48] [#]} fxe6 $146 ({Predecessor:} 22... Qxe6 23. Qxe6 fxe6 24. Ra6 Nc8 25. Rea1 Re7 26. Kf1 Kf7 27. Ke2 Rc7 28. g3 Ke7 {½-½ (34) Psakhis,L (2575)-Milos,G (2540) Novi Sad 1990}) 23. Ra5 Qd7 24. Rea1 Rb7 {[%emt 0:03:27] Inhibits Ra7.} 25. Ra8 {[%emt 0:04:08] [#] Threatens to win with Rxe8+.} Nc6 26. Rxe8+ Qxe8 27. Ra6 Kf7 28. h4 Qd7 29. g3 Nb8 30. Ra8 Nc6 31. g4 g6 (31... Ra7 $11 32. Rxa7 Nxa7) 32. Kg2 {[%emt 0:02:33] White is much more active.} (32. g5 $16 hxg5 33. hxg5) 32... Ra7 33. Rxa7 Nxa7 34. g5 hxg5 35. hxg5 Bg7 36. Qa2 Qb7 37. c4 ({White should try} 37. Kg3 $14) 37... b4 $11 38. Qa4 Nc6 39. Ng4 Nd4 40. Nxd4 cxd4 {[%emt 0:00:20][%mdl 4096] Endgame KQB-KQN} (40... exd4 $11 {and Black is okay.} 41. f3 Qe7) 41. Qb5 $2 (41. Kg3 $18) 41... Qe7 $1 {[%emt 0:00:56] The position is equal.} 42. Qxb4 {[%emt 0:00:37] [#] Hoping for Qd2.} Qxg5 43. f3 Qc1 44. Qb7+ Kg8 45. Qc8+ Kh7 46. Qxe6 Qxb2+ 47. Nf2 Qd2 48. Qe7 Qf4 49. Nh3 Qd2+ 50. Kg3 Qe1+ (50... Qxd3 {is a self mate.} 51. Ng5+ Kh6 52. Ne6) 51. Kg4 Qf1 52. Ng5+ Kh6 53. Nf7+ Kh7 54. Qh4+ Kg8 55. Ng5 {[%emt 0:00:45] Qh7+ would kill now.} Bh6 56. Qxh6 Qg2+ 57. Kh4 Qf2+ $1 58. Kh3 Qf1+ 59. Kg4 Qg2+ 60. Kh4 Qf2+ $1 {[%emt 0:00:09] Weighted Error Value: White=0.10 (very precise) /Black=0.12 (very precise)} 1/2-1/2